Map: Ghost River LE

Players

LiquidClem (Clem) - Winner!

  • Race: Terran Terran
  • League: Grandmaster
  • Spawn Location: 11:00

Highdra

  • Race: Protoss Protoss
  • Spawn Location: 1:00

Event: HomeStory Cup XXV

VOD

Have the link to the VOD?

Description

Time

  • Played on: June 21, 2024, 7:39 a.m.
  • Length: 14:14

All games in this series

Show
View Real Time Build Order
Export as new Build Order

LiquidClem Terran - Winner!

Build Orders: Cyclone Opening 

Get SALT Encoding   

  12  0:00  SCV  
  13  0:12  SCV  
  14  0:17  Supply Depot  
  14  0:24  SCV  
  15  0:38  SCV  
  15  0:39  Barracks  
  15  0:42  Refinery  
  16  0:50  SCV  
  17  1:02  SCV  
  18  1:14  SCV  
  19  1:25  Marine  
  19  1:27  Orbital Command  
  20  1:43  Command Center  
  20  1:44  Barracks Reactor  
  20  1:49  Supply Depot  
  20  1:53  SCV  
  21  2:05  SCV  
  21  2:06  Factory  
  22  2:12  Refinery  
  22  2:17  SCV  
  22  2:20  Marine x2  
  25  2:29  SCV  
  26  2:38  Marine x2  
  26  2:41  SCV  
  29  2:50  Cyclone  
  30  2:53  SCV  
  30  2:54  Starport  
  30  2:57  Orbital Command  
  31  3:00  Marine  
  31  3:01  Marine  
  34  3:05  SCV  
  34  3:11  Supply Depot  
  34  3:17  SCV  
  35  3:20  Marine x2  
  35  3:23  Cyclone  
  35  3:25  SCV  
  40  3:29  SCV  
  40  3:32  Medivac  
  43  3:37  Supply Depot, SCV  
  43  3:39  Marine  
  45  3:42  Marine  
  45  3:43  SCV  
  47  3:50  SCV  
  47  3:54  Supply Depot  
  47  3:55  SCV, Factory Tech Lab  
  49  3:57  Marine  
  49  3:59  Marine  
  49  4:02  Liberator  
  54  4:07  SCV x2  
  54  4:09  Barracks  
  56  4:14  Siege Tank  
  59  4:20  SCV  
  59  4:21  SCV  
  59  4:22  Supply Depot  
  59  4:23  Marine x2  
  60  4:32  SCV  
  60  4:33  SCV  
  59  4:44  Barracks  
  59  4:45  SCV x2, Bunker  
  57  4:46  Marine x2  
  57  4:51  Siege Tank  
  58  4:56  Supply Depot, Barracks Tech Lab  
  58  4:57  SCV x2  
  60  5:03  Refinery  
  60  5:04  Marine x2  
  62  5:07  Supply Depot  
  62  5:09  SCV x2  
  63  5:16  Marauder, Stimpack  
  63  5:21  SCV x2  
  65  5:23  Marine x2, Engineering Bay  
  71  5:33  SCV x2  
  71  5:34  Refinery  
  73  5:35  Supply Depot  
  73  5:38  Starport Reactor  
  73  5:39  Marauder  
  73  5:40  Marine  
  73  5:41  Marine  
  69  5:43  Supply Depot  
  69  5:44  Factory Reactor  
  69  5:45  Combat Shield, SCV x2  
  69  5:47  Marauder  
  69  5:49  Terran Infantry Weapons Level 1  
  73  5:56  Command Center  
  73  5:59  Marine x2  
  73  6:02  Marauder  
  77  6:08  Marauder  
  79  6:14  Medivac x2  
  79  6:16  Marine  
  79  6:17  Marine  
  85  6:21  Widow Mine x2  
  88  6:30  Marauder  
  90  6:34  Supply Depot, Marine x2, Command Center  
  90  6:37  Marauder  
  94  6:43  Barracks  
  94  6:44  Barracks, Widow Mine x2  
  98  6:48  SCV x2  
  98  6:49  Supply Depot  
  98  6:51  Medivac  
  98  6:52  Marine x2, Medivac  
  105  6:55  Concussive Shells  
  105  6:56  Marauder  
  105  7:00  SCV  
  107  7:02  Marauder  
  107  7:05  Supply Depot, SCV  
  107  7:07  Widow Mine  
  111  7:09  Widow Mine  
  111  7:11  Marine x2  
  115  7:18  SCV, Marauder  
  113  7:23  Marauder  
  113  7:26  Medivac x2  
  113  7:27  SCV  
  120  7:32  Orbital Command  
  120  7:33  SCV  
  119  7:37  Barracks Tech Lab, Barracks Reactor  
  119  7:38  Marine x2  
  119  7:39  SCV, Marauder  
  116  7:45  SCV, Marauder  
  123  7:51  SCV, Widow Mine x2  
  123  7:56  Marauder  
  123  7:57  SCV  
  127  7:59  SCV  
  127  8:01  Marauder  
  127  8:04  SCV  
  126  8:06  Marine x2  
  126  8:08  Orbital Command, Marauder, Viking x2  
  126  8:09  SCV  
  133  8:13  SCV  
  133  8:14  Supply Depot  
  133  8:16  SCV  
  133  8:17  Marine x2  
  133  8:18  Marine  
  137  8:21  SCV  
  137  8:22  Marauder, Widow Mine x2  
  137  8:24  Marine  
  132  8:29  Marauder  
  132  8:31  Marine  
  131  8:35  Marine, Marauder  
  131  8:39  Viking  
  131  8:40  Marine  
  130  8:43  Marauder  
  130  8:44  Marine, Widow Mine x2  
  130  8:47  SCV  
  130  8:48  SCV  
  133  8:50  Marauder  
  133  8:52  Viking  
  133  8:53  Marine  
  133  8:54  SCV  
  138  8:55  Marine  
  138  8:56  Marauder  
  138  9:01  Ghost Academy  
  132  9:02  Marine  
  132  9:05  Marauder, Widow Mine  
  132  9:07  Marine  
  128  9:11  Widow Mine  
  128  9:12  Marauder  
  128  9:13  Marine  
  128  9:15  Viking  
  128  9:16  Marine  
  136  9:18  Marauder  
  136  9:19  Supply Depot  
  136  9:22  Refinery  
  138  9:24  Refinery  
  138  9:26  Marauder  
  138  9:28  Marine x2  
  138  9:29  Widow Mine  
  138  9:31  Viking  
  146  9:32  Supply Depot  
  146  9:33  Ghost  
  146  9:38  Supply Depot  
  148  9:39  Supply Depot  
  148  9:41  Ghost  
  150  9:48  Armory  
  150  9:49  Engineering Bay  
  150  9:55  Command Center  
  150  9:59  Ghost  
  150  10:06  Supply Depot  
  152  10:07  Marine, Missile Turret  
  152  10:08  Marine x3  
  152  10:10  Viking  
  157  10:16  Viking  
  159  10:23  Ghost, Terran Infantry Armor Level 1  
  159  10:24  Marine  
  159  10:25  Marine  
  162  10:28  Supply Depot  
  162  10:36  Missile Turret  
  162  10:37  Ghost  
  162  10:39  Marine x2, Missile Turret  
  162  10:40  Viking  
  162  10:42  Supply Depot, Marine  
  168  10:47  Marine  
  168  10:48  Marauder  
  172  10:51  Viking  
  172  10:55  Supply Depot  
  174  10:57  Ghost  
  174  10:58  Marine x2  
  176  11:04  Marine  
  176  11:05  Ghost  
  176  11:10  Terran Infantry Weapons Level 2  
  179  11:14  Marine, Marauder  
  180  11:24  Marine  
  180  11:25  Marine, Ghost  
  166  11:29  Marine  
  166  11:30  SCV  
  149  11:32  SCV  
  149  11:34  SCV, Ghost  
  149  11:35  Ghost  
  149  11:37  Marine  
  155  11:42  SCV, Widow Mine, Medivac  
  155  11:45  Planetary Fortress, SCV  
  161  11:49  Marine x2  
  161  11:50  SCV  
  161  11:53  Marine  
  163  11:54  SCV  
  163  11:55  Marauder  
  163  11:58  Medivac  
  163  12:00  Marine  
  164  12:06  Refinery  
  164  12:10  Marine x2  
  164  12:11  Marauder x2  
  164  12:12  Viking  
  164  12:15  Barracks  
  171  12:18  Barracks  
  171  12:20  Barracks  
  171  12:32  SCV  
  171  12:33  SCV x2  
  171  12:34  SCV  
  175  12:37  Starport, Viking  
  175  12:43  Sensor Tower  
  175  12:44  SCV  
  178  12:45  SCV  
  178  12:46  Ghost  
  178  12:47  Sensor Tower  
  181  12:51  Marine x2  
  181  12:52  Marine x2  
  181  12:56  Viking  
  187  13:05  Command Center  
  187  13:07  Barracks Tech Lab x2  
  187  13:08  Barracks Reactor  
  187  13:12  Missile Turret  
  187  13:14  Missile Turret  
  187  13:15  Ghost  
  189  13:21  Marine x3  
  189  13:25  Viking  
  189  13:26  Marine  
  195  13:28  Marauder  
  195  13:32  Ghost  
  195  13:33  Marine  
  189  13:35  Marine  
  189  13:39  Marine x3  
  189  13:40  Medivac  
  182  13:44  Marine x2  
  182  13:45  Marine, Marauder  
  185  13:50  Marauder  
  185  13:51  Marine  
  185  13:53  Marine  
Show
View Real Time Build Order
Export as new Build Order

Highdra Protoss 

Build Orders: 1 Gate Expand, Blink Stalkers, Colossus Rush 

Get SALT Encoding   

  12  0:00  Probe  
  13  0:12  Probe  
  14  0:17  Pylon  
  14  0:24  Probe (Chrono Boost)  
  15  0:37  Gateway, Probe (Chrono Boost)  
  16  0:43  Probe (Chrono Boost)  
  16  0:45  Assimilator  
  17  0:51  Probe  
  18  1:03  Probe  
  19  1:15  Probe  
  20  1:24  Cybernetics Core  
  22  1:34  Nexus  
  20  1:40  Pylon  
  20  1:41  Probe  
  20  1:46  Assimilator  
  21  1:53  Probe  
  22  1:58  Adept (Chrono Boost)  
  22  2:01  Warp Gate  
  24  2:05  Probe  
  25  2:18  Stalker (Chrono Boost), Probe  
  28  2:30  Probe  
  29  2:38  Twilight Council  
  29  2:41  Stalker  
  31  2:46  Probe  
  32  2:52  Probe  
  34  2:58  Probe  
  34  3:01  Gateway  
  34  3:04  Probe  
  35  3:06  Blink (Chrono Boost)  
  35  3:10  Probe  
  36  3:16  Probe  
  36  3:17  Shield Battery  
  37  3:22  Probe  
  38  3:27  Robotics Facility  
  38  3:29  Probe  
  38  3:33  Gateway  
  39  3:34  Probe  
  40  3:41  Pylon, Probe  
  41  3:50  Stalker  
  41  3:53  Probe x2  
  45  4:02  Stalker, Pylon  
  47  4:06  Probe x2  
  49  4:14  Observer  
  49  4:15  Stalker  
  52  4:18  Probe x2  
  52  4:30  Stalker  
  52  4:31  Stalker  
  56  4:34  Probe x2  
  56  4:45  Stalker  
  56  4:46  Probe x2  
  56  4:51  Nexus  
  60  4:55  Assimilator  
  60  4:57  Assimilator  
  60  4:58  Probe x2  
  62  5:04  Observer  
  62  5:05  Robotics Bay  
  62  5:08  Pylon  
  62  5:18  Pylon  
  62  5:20  Shield Battery  
  62  5:21  Charge  
  62  5:23  Probe  
  62  5:24  Observer  
  62  5:25  Probe  
  59  5:35  Probe  
  60  5:37  Probe  
  60  5:40  Pylon  
  61  5:47  Probe  
  61  5:48  Colossus (Chrono Boost)  
  61  5:49  Probe  
  69  5:58  Pylon  
  69  5:59  Probe  
  69  6:01  Probe  
  71  6:07  Gateway  
  71  6:08  Gateway  
  71  6:09  Gateway  
  71  6:11  Probe  
  71  6:12  Gateway  
  71  6:15  Extended Thermal Lance (Chrono Boost)  
  71  6:16  Gateway  
  72  6:20  Probe  
  73  6:29  Probe x2  
  73  6:30  Colossus (Chrono Boost)  
  73  6:32  Probe  
  76  6:35  Sentry  
  76  6:38  Pylon  
  84  6:42  Probe x2  
  86  6:52  Zealot x2  
  91  6:54  Probe x2, Pylon  
  92  7:03  Zealot x3  
  92  7:07  Pylon  
  92  7:08  Sentry x2  
  100  7:09  Pylon  
  100  7:22  Warp Prism (Chrono Boost), Zealot x3  
  102  7:26  Zealot x2  
  102  7:27  Zealot  
  102  7:29  Probe  
  114  7:30  Probe x2  
  114  7:31  Zealot  
  113  7:38  Zealot  
  105  7:48  Zealot x4  
  105  7:49  Zealot x2  
  105  7:50  Colossus (Chrono Boost)  
  115  8:08  Stalker x2, Zealot  
  115  8:09  Zealot x3  
  115  8:11  Sentry x2  
  116  8:31  Zealot x6  
  126  8:35  Zealot  
  126  8:36  Zealot  
  110  8:52  Zealot x6  
  122  8:56  Zealot x2  
  116  9:08  Colossus (Chrono Boost)  
  110  9:13  Probe x3  
  110  9:16  Templar Archives  
  113  9:18  Forge  
  113  9:19  Forge  
  113  9:32  Nexus  
  113  9:34  Pylon  
  113  9:37  Zealot x4  
  113  9:38  Zealot x2, Protoss Ground Weapons Level 1 (Chrono Boost)  
  125  9:39  Protoss Ground Armor Level 1 (Chrono Boost)  
  125  9:41  Zealot  
  125  9:42  Zealot  
  129  9:49  Probe x3  
  132  9:55  Pylon  
  132  9:57  High Templar  
  132  9:58  High Templar x3  
  140  10:01  High Templar x2  
  140  10:02  Archon  
  140  10:03  Archon  
  140  10:05  Archon  
  144  10:08  Immortal (Chrono Boost)  
  148  10:21  Zealot x2  
  148  10:28  Pylon  
  148  10:30  Probe x2  
  148  10:32  Pylon  
  148  10:33  Shield Battery  
  150  10:36  Immortal (Chrono Boost)  
  150  10:39  Zealot  
  150  10:41  Pylon  
  156  10:46  Pylon  
  156  10:49  Stalker  
  158  10:50  Stalker x4  
  164  10:58  Zealot x2  
  166  11:05  Stalker  
  168  11:12  Zealot  
  168  11:13  Zealot, Stalker  
  168  11:14  Stalker x2  
  178  11:24  Zealot x2  
  130  11:32  Immortal (Chrono Boost)  
  130  11:33  Zealot  
  130  11:34  Zealot x2  
  130  11:35  Protoss Ground Weapons Level 2 (Chrono Boost)  
  130  11:36  Protoss Ground Armor Level 2 (Chrono Boost)  
  140  11:41  Zealot x3  
  140  11:46  Stalker x2  
  148  12:00  Zealot  
  148  12:01  Zealot x2  
  148  12:02  Stalker  
  148  12:03  Stalker x2  
  152  12:09  Gateway  
  152  12:11  Zealot, Gateway  
  152  12:12  Zealot  
  152  12:14  Gateway  
  156  12:25  Zealot x3  
  156  12:26  Zealot x2  
  156  12:28  Zealot  
  156  12:29  Disruptor (Chrono Boost)  
  168  12:35  Robotics Facility, Pylon  
  168  12:38  Zealot x2  
  168  12:41  Pylon  
  172  12:44  Nexus  
  172  12:47  Pylon  
  172  12:54  High Templar x2  
  172  12:55  Zealot x3  
  172  12:58  Zealot  
  184  12:59  Archon  
  184  13:02  Zealot  
  184  13:03  Zealot  
  186  13:09  Zealot x3  
  192  13:15  Zealot x2  
  196  13:22  Stalker x2  
  168  13:34  Zealot x2  
  168  13:35  Zealot x5  
  168  13:36  Disruptor  
  138  13:46  Zealot x4  
  126  13:56  Zealot x4  
  126  14:01  Zealot x2  
  120  14:07  Zealot x3  
Tags
 
Add a new tag
Caveats
  • Supply blocks, unpowered buildings, or Contaminate may cause inaccurate times.
  • Supply counts are checked every 10 seconds.